 Seeded DCSS version 0.30-a0-924-g0ad0bf95bc (webtiles) character file.

Game seed: 3125986916090331667 (custom seed)

54 Parcival the Grave Robber (level 4, 0/30 HPs)
             Began as a Human Necromancer on Mar 22, 2023.
             Killed from afar by Natasha (9 damage)
             ... with a puff of flame
             ... on level 2 of the Dungeon.
             The game lasted 00:04:39 (1424 turns).

Parcival the Grave Robber (Human Necromancer)       Turns: 1424, Time: 00:04:39

Health: 0/30       AC:  2    Str: 14    XL:     4   Next: 12%
Magic:  8/8        EV: 12    Int: 18    God:
Gold:   74         SH:  0    Dex: 13    Spells: 8/9 levels left

rFire   . . .      SeeInvis .    c - staff of death
rCold   . . .      Faith    .    (no shield)
rNeg    + . .      Spirit   .    i - +0 robe
rPois   .          Reflect  .    (no helmet)
rElec   .          Rampage  .    (no cloak)
rCorr   .                        (no gloves)
Will    .....                    (no boots)
Stlth   ++                       d - amulet of magic regeneration
HPRegen 0.25/turn                e - +6 ring of strength
MPRegen 0.51/turn                (no ring)

@: about to teleport
A: no striking features
a: no special abilities


You were on level 2 of the Dungeon.
You visited 1 branch of the dungeon, and saw 2 of its levels.

You collected 74 gold pieces.

Inventory:

Armour
 a - a +0 robe
 i - a +0 robe (worn)
Magical Staves
 c - a staff of death (weapon)
Jewellery
 d - an amulet of magic regeneration (around neck)
 e - a +6 ring of strength (left hand)
Scrolls
 f - a scroll of teleportation
 g - a scroll of brand weapon
 k - a scroll of identify
Potions
 b - a potion of magic
 h - a potion of heal wounds {unknown}
 j - a potion of degeneration {unknown}
 l - a potion of lignification {unknown}
 m - a potion of resistance {unknown}


   Skills:
 + Level 2.0 Dodging
 + Level 2.0 Stealth
 + Level 0.1 Unarmed Combat
 + Level 3.0 Spellcasting
 + Level 4.6 Necromancy


You had 8 spell levels left.
You knew the following spells:

 Your Spells              Type           Power      Damage    Failure   Level
a - Necrotise             Necr           100%       1d9       2%          1

Your spell library contained the following spells:

 Spells                   Type           Power      Damage    Failure   Level
 Vampiric Draining        Necr           29%        2d8       7%          3
 Animate Dead             Necr           29%        N/A       24%         4
 Agony                    Necr           29%        N/A       54%         5


Dungeon Overview and Level Annotations

Branches:
Dungeon (2/15)

Altars:

Annotations:
D:2 Natasha


Message History

Press: ? - help, Shift-Dir - straight line, f/p - Natasha
Aim: Natasha, carrying a wand of flame (9) (moderately wounded, ally target, chance to affect: 83%)
You feel a surge of power!
Natasha barely resists.
Your quokka skeleton crumbles into dust!
Natasha zaps a wand.
The puff of flame misses you. Natasha claws you but does no damage.
You hit Natasha but do no damage.
Natasha is moderately wounded.
Natasha casts a spell.
Your ball python skeleton barely misses Natasha.
Your ball python skeleton grabs Natasha.
Your ball python skeleton constricts Natasha.
Natasha claws you.
You hit Natasha.
Natasha is moderately wounded.
Your ball python skeleton barely misses Natasha.
Your ball python skeleton constricts Natasha.
Natasha zaps a wand.
The puff of flame hits you!
You hit Natasha.
Natasha is heavily wounded.
Your ball python skeleton bites Natasha.
Your ball python skeleton constricts Natasha.
The crimson imp blinks!
Natasha stares at you and mumbles some strange words.
The magic dart hits you!
Okay, then.
You swap places.
Your ball python skeleton barely misses Natasha.
Your ball python skeleton constricts Natasha.
Natasha claws you.
* * * LOW HITPOINT WARNING * * *
As you read the scroll labelled FUDEOQ PYUHOB, it crumbles to dust.
You feel strangely unstable.
It was a scroll of teleportation.
Your ball python skeleton bites Natasha.
Your ball python skeleton constricts Natasha.
Natasha claws you but does no damage.
Your ball python skeleton barely misses Natasha.
Your ball python skeleton constricts Natasha.
Natasha zaps a wand.
The puff of flame hits you!
You die...

#.# #.# #.# #.#
.>... #.# #.# ....
#.# #.# ... #.# #.#
... #.# #.# #.#
##.## #.## #5#
....#########..###h#
##...........†..@.Z#
##.##########.#####
#.# #.# #.# #.# #.#
#.# #.##########.#
#............#
##############


You could see Natasha (ally target) and a friendly ball python skeleton.

Vanquished Creatures
  A gnoll (D:1)
  An adder (D:2)
  A dart slug (D:2)
  3 endoplasms (D:1)
  A giant cockroach (D:2)
  A hobgoblin (D:1)
  6 kobolds
  A quokka (D:2)
  5 ball pythons
  2 bats (D:1)
  6 goblins
  A rat (D:1)
29 creatures vanquished.

Vanquished Creatures (collateral kills)
  A ball python (D:2)
  A frilled lizard (D:2)
  A rat (D:1)
3 creatures vanquished.

Grand Total: 32 creatures vanquished

Notes
Turn   | Place    | Note
-------+----------+-------------------------------------------
     0 | D:1      | Parcival the Human Necromancer began the quest for the Orb.
     0 | D:1      | Reached XP level 1. HP: 13/13 MP: 3/3
    27 | D:1      | Identified a scroll of acquirement
    27 | D:1      | Acquired a staff of death
   103 | D:1      | Reached XP level 2. HP: 19/19 MP: 0/5
   581 | D:1      | Reached XP level 3. HP: 24/24 MP: 3/6
  1279 | D:2      | Reached XP level 4. HP: 30/30 MP: 6/8
  1409 | D:2      | Noticed Natasha
  1424 | D:2      | Killed from afar by Natasha

Illustrated notes

Levels and vault maps discovered:
D:1:      amcnicky_arrival_single_pillar, layout_loops_cross,
          hangedman_glass_garden
D:2:      layout_loops_ring, dk_vineyard_1, uniq_natasha

Skill      XL: |  1  2  3 |
---------------+----------+-----
Spellcasting   | 3 |  3.0
Dodging        | |  2.0
Stealth        | |  2.0
Unarmed Combat | |  0.1
Necromancy     | |  4.6

Action                     |  1- 3 |  4- 6 || total
---------------------------+-------+-------++-------
  Melee: Unarmed           |     5 |       ||     5
         Staff             |     2 |     3 ||     5
   Cast: Necrotise         |    38 |     7 ||    45
    Use: Scroll            |     2 |     1 ||     3
   Stab: Sleeping          |     1 |       ||     1
 Armour: Robe              |     1 |     2 ||     3
  Dodge: Dodged            |    13 |     1 ||    14

Table legend: (Time is in decaauts)
 A = Elapsed time spent in this place.
 B = Non-inter-level travel time spent in this place.
 C = Inter-level travel time spent in this place.
 D = Time resting spent in this place.
 E = Time spent auto-exploring this place.
 F = Levels seen in this place.
 G = Mean time per level.
                   A        B        C        D        E       F      G
               +--------+--------+--------+--------+--------+-----+--------+
         Total |   1424 |   1318 |    106 |      0 |   1081 |   2 |  712.0 |
       Dungeon |   1424 |   1318 |    106 |      0 |   1081 |   2 |  712.0 |
               +--------+--------+--------+--------+--------+-----+--------+

Top non-repeatable levels by time:
     D:1: 1001 daAuts
     D:2: 423 daAuts
